 Dungeon Crawl Stone Soup version 0.18-a0-1468-gaf180a1 (webtiles) character file.

236 namelastname112 the Insei (level 5, -1/45 HPs)
             Began as a Draconian Monk on Mar 1, 2016.
             Was a Believer of Makhleb.
             Slain by a gnoll (2 damage)
             ... on level 6 of the Dungeon.
             The game lasted 00:03:59 (2164 turns).

namelastname112 the Insei (Draconian Monk)          Turns: 2164, Time: 00:03:59

Health: -1/45      AC:  6    Str: 13    XL:     5   Next: 77%
Magic:  5/5        EV: 13    Int: 12    God:    Makhleb [**....]
Gold:   164        SH:  0    Dex: 15    Spells: 0 memorised, 4 levels left

rFire  . . .     SeeInvis .     g - +1 dagger (elec)
rCold  . . .     Gourm    .     (armour unavailable)
rNeg   . . .     Faith    .     (no shield)
rPois  .         Spirit   .     (helmet restricted)
rElec  .         Dismiss  .     (no cloak)
rCorr  .         Reflect  .     e - +0 pair of gloves
SustAt .         Harm     .     (no boots)
MR     .....     Clarity  +     (no amulet)
Stlth  ++........               (no ring)
                                (no ring)

@: flying, very slightly contaminated, hasted, very quick, not resistant to
hostile enchantments, unstealthy
A: unfitting armour, clarity, clever 1, sense surroundings 1, cold-blooded, AC
+5
a: Minor Destruction, Renounce Religion


You were on level 6 of the Dungeon.
You worshipped Makhleb.
Makhleb was pleased with you.
You were not hungry.

You visited 1 branch of the dungeon, and saw 5 of its levels.

You collected 164 gold pieces.

Inventory:

Hand Weapons
 g - a +1 dagger of electrocution (weapon)
Armour
 e - a +0 pair of gloves (worn)
Wands
 j - a wand of flame (48/48)
Scrolls
 b - a scroll of remove curse
 f - 3 scrolls of identify
 p - a scroll of magic mapping
 q - a scroll of recharging
Comestibles
 a - 5 bread rations
 l - a meat ration
 n - 3 slices of pizza
 o - 4 chunks of flesh


   Skills:
 - Level 3.2 Fighting
 - Level 2.6 Dodging
 - Level 1.7 Stealth
 + Level 7.1 Unarmed Combat


You had 4 spell levels left.
You didn't know any spells.

Dungeon Overview and Level Annotations

Branches:
Dungeon (4/15)
 Temple: D:4-7

Altars:
Makhleb
Sif Muna


Innate Abilities, Weirdness & Mutations

Your plain brown scales are hard (AC +5).
Your body does not fit into most forms of armour.
You are cold-blooded and may be slowed by cold attacks.
You possess an exceptional clarity of mind.
Your mind is acute. (Int +2)
You passively map a small area around you.


Message History

It is a scroll of amnesia.
You feel forgetful for a moment.
The gnoll hits you from afar with a halberd!
* * * LOW HITPOINT WARNING * * *
The gnoll misses you.
Read which item? (? for menu, Esc to quit)
As you read the scroll labeled JIJADYD TINE, it crumbles to dust.
It is a scroll of identify.
Identify which item? (\ to view known items) (? for menu, Esc to quit)
p - a scroll of magic mapping The gnoll hits you with a club.
* * * LOW HITPOINT WARNING * * *
Drink which item? (? for menu, Esc to quit)
Okay, then.
Drink which item? (? for menu, Esc to quit)
You feel better. The gnoll barely misses you.
The gnoll shaman hits you with a club!
* * * LOW HITPOINT WARNING * * *
The gnoll hits you.
You die...

########
#@g....# *
#ggg...# *
, *#gg....#
, , ,
*#........
,, , ,
,,#......##
,, #......#
* , , ,
#...../# ,
#....... ,


You could see a gnoll shaman and 5 gnolls.

Vanquished Creatures
  A hound (D:2)
  A centaur skeleton (D:4)
  2 orc wizards (D:3)
  A worker ant (D:4)
  3 adders
  An ooze (D:1)
  2 worms
  3 dart slugs
  An orc (D:3)
  4 giant cockroaches
  10 goblins
  3 hobgoblins
  7 jackals (D:2)
  5 bats
  A giant gecko skeleton (D:4)
  3 giant newts
  5 kobolds
  7 rats
60 creatures vanquished.

Notes
Turn   | Place    | Note
--------------------------------------------------------------
     0 | D:1      | namelastname112 the Draconian Monk began the quest for the Orb.
     0 | D:1      | Reached XP level 1. HP: 19/19 MP: 1/1
   100 | D:1      | Reached XP level 2. HP: 20/26 MP: 2/2
   723 | D:2      | Reached skill level 5 in Unarmed Combat
   724 | D:2      | Reached XP level 3. HP: 27/31 MP: 3/3
  1074 | D:2      | Found a burning altar of Makhleb.
  1082 | D:2      | Reached XP level 4. HP: 31/38 MP: 4/4
  1086 | D:2      | Became a worshipper of Makhleb the Destroyer
  1086 | D:2      | Reached * piety under Makhleb
  1086 | D:2      | Reached ** piety under Makhleb
  1483 | D:3      | Reached skill level 6 in Unarmed Combat
  1528 | D:3      | Found a deep blue altar of Sif Muna.
  1552 | D:3      | Reached XP level 5. HP: 37/45 MP: 5/5
  2055 | D:4      | Reached skill level 7 in Unarmed Combat
  2154 | D:4      | You fall through a shaft for 2 floors!
  2156 | D:6      | Karasique: соснул
  2157 | D:6      | namelastname112: люблю такое
  2157 | D:6      | namelastname112: типа
  2157 | D:6      | namelastname112: ОЙ
  2157 | D:6      | namelastname112: ЧЕТО ТЕБЕ СЛИШКОМ ХОРОШО ЖИВЕТСЯ
  2157 | D:6      | namelastname112: НА-КА ТЕБЕ ХУЙ
  2157 | D:6      | namelastname112: А ТЕПЕРЬ ЖУЙ
  2161 | D:6      | Gained mutation: You possess an exceptional clarity of mind. [potion of mutation]
  2161 | D:6      | Gained mutation: Your mind is acute. (Int +2) [potion of mutation]
  2161 | D:6      | Gained mutation: You passively map a small area around you. [potion of mutation]
  2164 | D:6      | HP: 1/45 [gnoll shaman/club (8)]
  2164 | D:6      | Slain by a gnoll

Vault maps used:
D:1:      dpeg_arrival_connections, minivault_27, kennysheep_decorative_pillar,
          minmay_misc_feat_tiny
D:2:      serial_glass, glass_columns_a, glass_columns_b, glass_columns_b,
          glass_columns_a, glass_columns_b, glass_columns_b, glass_columns_a,
          glass_columns_c, glass_columns_a, glass_columns_b,
          minmay_strange_pillars, feat_on_display, feat_on_display,
          makhleb_blood_cavern_becter
D:3:      led_sif_book, first_bread
D:4:      kennysheep_spiral_hall
D:6:      lemuel_crystal_altar, serial_shops, nicolae_shop_behind_doors,
          sigmund_army

Skill      XL: |  1  2  3  4  5 |
---------------+----------------+-----
Unarmed Combat | 5 6 7 |  7.1
Fighting       | |  3.2
Dodging        | |  2.6
Stealth        | |  1.7

Action                   |  1- 3 |  4- 6 || total
-------------------------+-------+-------++-------
Melee: Unarmed           |    68 |       ||    68
       Dagger            |    21 |    75 ||    96
Invok: Minor Destruction |       |     4 ||     4
  Use: Potion            |       |     6 ||     6
       Scroll            |       |     4 ||     4
 Stab: Sleeping          |     2 |     3 ||     5
  Eat: Chunk             |       |     4 ||     4
